Map: Para Site LE

Players

Suffering

  • Race: Terran Terran
  • League: Diamond
  • Spawn Location: 11:00

AMERICA - Winner!

  • Race: Protoss Protoss
  • League: Diamond
  • Spawn Location: 5:00

VOD

Have the link to the VOD?

Description

Time

  • Played on: Oct. 13, 2018, 8 a.m.
  • Length: 22:57
Show
View Real Time Build Order
Export as new Build Order

Suffering Terran 

Build Orders: Reaper Expand, MMM Bio 

Get SALT Encoding   

  12  0:01  SCV  
  13  0:13  SCV  
  14  0:17  Supply Depot  
  14  0:25  SCV  
  15  0:38  SCV  
  15  0:40  Barracks  
  16  0:44  Refinery  
  16  0:51  SCV  
  17  1:03  SCV  
  18  1:15  SCV  
  19  1:27  Orbital Command  
  19  1:28  Reaper  
  20  1:46  Command Center  
  20  1:52  Command Center  
  20  1:56  SCV  
  20  2:00  Barracks Reactor  
  21  2:08  Barracks  
  21  2:11  SCV  
  22  2:18  Supply Depot  
  22  2:23  SCV  
  23  2:36  Barracks  
  23  2:43  Marine x2  
  24  2:49  Bunker  
  24  2:51  SCV  
  25  2:55  Barracks Tech Lab  
  25  3:00  Engineering Bay  
  25  3:04  Orbital Command  
  25  3:06  SCV  
  25  3:12  Marine x2  
  28  3:18  Stimpack  
  28  3:28  Terran Infantry Weapons Level 1  
  28  3:29  Barracks Tech Lab  
  28  3:30  Marine x2  
  30  3:35  SCV x2  
  32  3:48  SCV  
  32  3:49  SCV  
  32  3:50  Marine x4  
  32  3:54  Combat Shields  
  38  4:01  Missile Turret  
  38  4:09  SCV x2  
  40  4:10  Marine x2  
  40  4:12  Marauder  
  40  4:13  Marauder  
  40  4:16  Supply Depot  
  46  4:29  Marine x2  
  48  4:33  Refinery  
  48  4:34  Refinery  
  48  4:35  Marauder x2  
  52  4:39  Supply Depot  
  52  4:43  SCV x2  
  54  4:47  Supply Depot  
  54  4:48  Marine x2  
  56  4:57  Marauder  
  56  4:58  Marauder  
  60  5:04  SCV x2  
  62  5:07  Marine  
  62  5:08  Marine  
  62  5:10  Supply Depot  
  64  5:14  Concussive Shells  
  64  5:20  Marauder x2  
  68  5:23  SCV  
  68  5:24  SCV  
  68  5:26  Marine x2  
  68  5:28  Terran Infantry Armor Level 1  
  72  5:35  Supply Depot  
  72  5:42  Marauder x2  
  74  5:57  Marine x2  
  76  6:05  SCV x2, Marauder x2  
  82  6:17  Refinery, SCV x2, Factory  
  84  6:20  Command Center, Marine x2  
  70  6:56  Marine  
  70  6:57  Marine, Marauder  
  70  6:58  Marauder  
  59  7:20  Marine x2  
  59  7:21  Marauder x2  
  64  7:28  SCV x2  
  61  7:30  Factory Reactor  
  61  7:32  Orbital Command  
  61  7:33  Starport  
  58  7:39  Armory  
  58  7:40  Marine x2, SCV x2  
  62  7:45  Marauder x2  
  66  7:52  SCV x2  
  66  7:55  Supply Depot  
  66  7:57  Engineering Bay  
  66  7:58  Supply Depot  
  68  8:01  Marine x2  
  68  8:04  SCV x2  
  72  8:08  Marauder x2  
  72  8:11  Medivac, Widow Mine x2  
  82  8:16  SCV x3  
  82  8:19  Supply Depot  
  85  8:21  Supply Depot  
  85  8:27  Marine x2  
  85  8:31  SCV x2  
  85  8:32  Widow Mine  
  85  8:33  Widow Mine  
  93  8:41  Medivac  
  93  8:46  Supply Depot  
  95  8:54  Widow Mine x2  
  99  9:04  Marine x2  
  99  9:05  Marauder x2  
  99  9:07  Orbital Command  
  99  9:09  Terran Infantry Armor Level 2, Terran Infantry Weapons Level 2  
  105  9:11  Terran Vehicle Weapons Level 1  
  105  9:12  SCV x2  
  107  9:18  Widow Mine  
  107  9:19  Widow Mine  
  111  9:24  SCV, Supply Depot  
  111  9:25  SCV  
  113  9:32  Medivac  
  115  9:40  Marine x2  
  115  9:41  Marauder x2  
  102  10:10  Medivac  
  102  10:12  Widow Mine x2  
  101  10:27  Marine x2  
  101  10:28  SCV x2, Marauder x2  
  106  10:33  Widow Mine x2  
  110  10:41  Starport Reactor  
  110  10:44  Barracks  
  110  10:46  Marine x2  
  110  10:47  SCV x3  
  115  10:50  Barracks  
  115  10:52  Command Center, Marauder x2  
  121  10:57  Widow Mine x2  
  121  10:58  Supply Depot  
  121  10:59  SCV x2  
  121  11:01  SCV  
  126  11:08  Marine x2  
  128  11:11  SCV x2  
  128  11:13  SCV  
  128  11:15  Marauder  
  128  11:16  Marauder  
  137  11:18  Medivac x2, Widow Mine  
  137  11:19  Widow Mine  
  137  11:23  SCV x2  
  145  11:25  SCV  
  145  11:27  Marine x2  
  148  11:34  Barracks Reactor  
  148  11:35  SCV x2  
  148  11:36  Marine x2  
  148  11:37  Barracks Tech Lab  
  148  11:38  SCV  
  155  11:40  Widow Mine x2  
  155  11:45  Marine x2  
  159  11:54  Marine  
  164  12:01  Widow Mine x2  
  164  12:07  Marine x2  
  170  12:08  Marauder x2  
  169  12:22  Widow Mine  
  169  12:23  Widow Mine  
  165  12:34  Marine x7  
  142  12:52  SCV x2, Marauder x2  
  140  13:18  Marine  
  140  13:19  Marine x3  
  140  13:20  SCV x2, Marauder x2  
  140  13:22  Widow Mine x2  
  140  13:23  Medivac x2  
  140  13:25  SCV  
  151  13:30  Planetary Fortress  
  151  13:32  SCV x2, Refinery  
  153  13:36  Liberator x2  
  153  13:38  Marine  
  153  13:39  Marine x4  
  153  13:41  Terran Infantry Weapons Level 3, Terran Infantry Armor Level 3, Terran Ship Weapons Level 1  
  158  13:42  SCV  
  158  13:43  Widow Mine x2  
  158  13:44  SCV  
  158  13:47  Marauder x2  
  168  13:51  Barracks  
  168  13:54  Barracks  
  168  13:55  Barracks  
  174  13:57  SCV x2, Marauder  
  174  13:58  Marine x2  
  174  13:59  Marine x2  
  174  14:00  SCV  
  174  14:01  Barracks  
  183  14:05  Widow Mine x2  
  183  14:09  SCV, Marauder  
  192  14:10  Marauder  
  192  14:13  SCV x2  
  192  14:15  Refinery  
  194  14:19  Marauder  
  196  14:25  SCV, Marine x3  
  200  14:41  Marine  
  194  15:13  Marine x3  
  194  15:14  Marine x2  
  185  15:33  Marine x7  
  175  15:53  Liberator x2  
  161  15:58  Orbital Command  
  145  16:06  Marine x3  
  145  16:07  Marine, Marauder  
  145  16:08  Barracks Reactor, Barracks Tech Lab, Marauder x2  
  145  16:10  Widow Mine x2  
  160  16:18  SCV x2  
  144  16:25  Terran Ship Weapons Level 2  
  144  16:29  Barracks, Marauder x3  
  144  16:30  SCV x2, Marine x4, Marauder  
  144  16:32  Barracks  
  158  16:39  SCV  
  159  16:42  Refinery, SCV  
  159  16:45  Refinery  
  161  16:48  Marine x2  
  161  16:50  Marauder  
  161  16:51  SCV, Marine x4  
  161  16:52  Marauder x3  
  161  16:54  SCV, Widow Mine x2  
  157  17:15  Widow Mine x2  
  135  17:17  Marine x6  
  110  17:26  Marauder x4  
  110  17:28  SCV  
  116  17:37  Widow Mine x2  
  116  17:40  SCV  
  116  17:41  Marine x6  
  123  17:46  Marine x2  
  123  17:49  Liberator x2  
  123  17:55  Marauder  
  123  17:56  Marauder  
  123  17:58  Widow Mine x2  
  131  18:02  Marine x6  
  131  18:04  Marine  
  131  18:05  Marauder  
  146  18:19  Widow Mine  
  150  18:20  Widow Mine  
  120  18:41  Widow Mine x2  
  109  18:42  Marine x6  
  109  18:43  Marauder  
  109  18:44  Marauder  
  114  18:48  Orbital Command  
  114  19:02  Widow Mine x2  
  118  19:04  Marine x5  
  123  19:21  Marauder  
  123  19:22  Marauder x3  
  131  19:24  Medivac  
  133  19:32  Refinery  
  133  19:35  Refinery  
  133  19:45  SCV  
  134  19:53  Starport  
  134  19:57  SCV  
  130  20:14  Missile Turret  
  132  20:28  Missile Turret  
  132  20:33  Missile Turret  
  132  20:35  Missile Turret  
  132  20:43  Raven  
  132  20:47  Marine x4  
  132  20:49  Marauder x3  
  142  20:53  Marine x2  
  144  20:59  Widow Mine x2  
  144  21:03  Starport Reactor  
  148  21:07  Marine  
  148  21:08  Marine x2  
  151  21:16  SCV  
  152  21:20  Widow Mine x2  
  156  21:28  SCV  
  147  22:06  Marine x4  
  113  22:22  Marine x2  
  107  22:23  Marauder x2  
Show
View Real Time Build Order
Export as new Build Order

AMERICA Protoss - Winner!

Build Orders: 1 Gate Expand, Blink Stalkers 

Get SALT Encoding   

  12  0:00  Probe  
  13  0:13  Probe  
  14  0:19  Pylon  
  14  0:25  Probe  
  15  0:35  Probe  
  15  0:40  Gateway  
  16  0:43  Probe  
  17  0:50  Assimilator  
  17  0:52  Probe  
  18  1:04  Probe  
  19  1:16  Probe  
  20  1:31  Nexus  
  21  1:39  Cybernetics Core  
  20  1:44  Probe  
  20  1:46  Assimilator  
  21  1:55  Pylon  
  21  1:56  Probe  
  22  2:08  Probe  
  22  2:10  Adept  
  23  2:19  Probe  
  23  2:21  Warp Gate  
  25  2:27  Probe  
  26  2:33  Twilight Council  
  27  2:40  Blink  
  26  2:45  Stalker  
  26  2:48  Probe x2  
  30  3:00  Probe x2  
  32  3:12  Probe x2  
  34  3:24  Probe x2  
  36  3:32  Gateway  
  36  3:33  Gateway  
  36  3:36  Probe x2  
  38  3:48  Probe x2  
  38  3:52  Pylon  
  40  4:00  Probe, Assimilator  
  40  4:01  Probe  
  42  4:13  Probe x2  
  44  4:20  Robotics Facility  
  44  4:25  Probe x2  
  44  4:29  Nexus  
  46  4:32  Stalker x3  
  46  4:35  Charge  
  52  4:47  Probe  
  52  4:50  Pylon  
  53  4:55  Assimilator  
  53  5:00  Gateway  
  53  5:01  Gateway  
  53  5:04  Gateway  
  53  5:10  Forge x2  
  53  5:12  Observer  
  54  5:15  Stalker  
  54  5:16  Stalker  
  58  5:25  Pylon  
  58  5:31  Gateway  
  58  5:34  Gateway  
  58  5:36  Pylon  
  58  5:41  Probe x2  
  56  6:06  Immortal  
  56  6:08  Zealot x3  
  62  6:15  Zealot x3  
  72  6:30  Zealot x3  
  76  6:36  Zealot  
  76  6:37  Zealot x4  
  45  6:57  Zealot x3  
  45  6:58  Zealot x3  
  45  6:59  Zealot x2  
  57  7:09  Zealot  
  53  7:19  Zealot x3  
  53  7:20  Zealot  
  51  7:41  Pylon  
  51  7:47  Templar Archives  
  51  7:48  Pylon  
  51  7:56  Probe  
  51  7:57  Probe  
  53  8:01  Immortal  
  53  8:03  Sentry x2  
  61  8:16  Probe  
  61  8:17  Probe  
  63  8:21  Psionic Storm  
  63  8:24  Stalker x2  
  63  8:25  High Templar x3, Protoss Ground Weapons Level 1  
  63  8:26  High Templar x2, Protoss Ground Armor Level 1  
  75  8:29  Archon  
  75  8:30  Archon  
  75  8:49  Pylon  
  75  8:51  Immortal  
  75  9:02  High Templar  
  81  9:07  Pylon  
  81  9:17  Stalker x3  
  81  9:18  Zealot  
  81  9:19  Zealot x2, Pylon  
  93  9:29  Pylon  
  93  9:30  Immortal, Pylon x2  
  93  9:32  High Templar  
  95  9:44  Zealot  
  101  9:46  Shield Battery  
  101  9:48  Shield Battery  
  88  10:05  Zealot  
  88  10:06  Zealot x3  
  84  10:07  Zealot  
  86  10:18  Immortal  
  80  10:29  Zealot  
  80  10:30  Zealot x2  
  80  10:31  High Templar x2  
  90  10:37  Probe  
  90  10:39  Probe  
  92  10:47  Probe  
  92  10:49  Probe, Observer  
  94  10:51  Probe  
  94  10:53  Robotics Bay  
  95  10:57  Immortal  
  95  10:59  Probe  
  95  11:01  Probe  
  95  11:03  Probe  
  102  11:07  Robotics Facility  
  102  11:10  Protoss Ground Weapons Level 2  
  102  11:11  Probe  
  103  11:13  Probe  
  103  11:14  Protoss Ground Armor Level 2  
  104  11:27  Nexus  
  104  11:30  Assimilator  
  104  11:34  Assimilator  
  104  11:36  Colossus  
  110  12:03  Zealot x3  
  110  12:04  Zealot x2  
  110  12:07  Pylon  
  120  12:10  Pylon  
  110  12:34  Zealot x3  
  110  12:35  Zealot x3  
  106  12:50  Zealot  
  106  12:51  Zealot  
  99  13:01  Zealot x3  
  99  13:02  Zealot x2  
  99  13:14  Colossus  
  99  13:19  Warp Prism  
  104  13:27  Probe x3  
  104  13:30  Pylon  
  104  13:32  Stalker x4  
  104  13:33  High Templar  
  116  13:39  Probe x2  
  118  13:44  Dark Shrine  
  118  13:57  Zealot  
  118  13:58  Zealot x3  
  126  14:10  Probe x2  
  126  14:13  Assimilator, Extended Thermal Lance  
  128  14:17  Assimilator  
  128  14:20  Protoss Ground Weapons Level 3  
  128  14:38  Pylon  
  128  14:40  Pylon  
  128  14:57  Zealot x4  
  128  14:58  Stalker  
  138  15:00  Stalker x3  
  134  15:17  Probe  
  131  15:29  Stalker x3  
  131  15:30  Zealot x3  
  105  16:06  Stalker x3  
  109  16:22  Zealot x3  
  109  16:24  Zealot x2  
  111  16:30  Dark Templar  
  111  16:31  Dark Templar  
  115  16:45  Zealot x3  
  115  16:46  Zealot  
  115  17:26  Stalker x4  
  115  17:27  Stalker x2  
  117  18:00  Nexus  
  117  18:23  Dark Templar x3  
  90  18:50  Dark Templar  
  92  18:58  Stalker x3  
  92  18:59  Zealot  
  100  19:08  Warp Prism  
  102  19:21  Dark Templar  
  104  19:46  Nexus, Stalker x2  
  108  20:12  Probe x2  
  108  20:24  High Templar, Probe  
  111  20:36  Probe x2  
  111  20:37  Observer  
  111  20:40  Pylon  
  113  20:44  Pylon  
  113  20:47  Assimilator  
  113  20:48  Probe x2  
  115  20:52  Assimilator  
  115  21:00  Probe x2  
  117  21:05  Colossus  
  117  21:07  Probe  
  124  21:12  Probe  
  124  21:13  Probe  
  126  21:19  Probe  
  126  21:24  Probe  
  126  21:25  Probe  
  129  21:31  Probe  
  130  21:38  Stargate x2, Stalker  
  108  22:22  Stalker x2  
  108  22:23  Stalker x5  
  108  22:24  Zealot  
  114  22:48  Zealot  
  114  22:49  Zealot x6  
  114  22:50  Zealot  
Tags
 
Add a new tag
Caveats
  • Supply blocks, unpowered buildings, or Contaminate may cause inaccurate times.
  • Supply counts are checked every 10 seconds.